 Dungeon Crawl Stone Soup version 0.31-a0-229-g1fc7ce93e2 (webtiles) character file.

Game seed: 10099189426926144962

573 qw the Shooter (level 7, -2/60 HPs)
             Began as a Minotaur Hexslinger on July 6, 2023.
             Slain by a gnoll
             ... wielding a +0 halberd
             ... led by a gnoll bouda
              (11 damage)
             ... on level 4 of the Dungeon.
             The game lasted 00:01:11 (2866 turns).

qw the Shooter (Minotaur Hexslinger)                Turns: 2866, Time: 00:01:11

Health: -2/60      AC:  7    Str:  9 (12) XL:     7   Next: 12%
Magic:  7/7        EV: 10    Int: 10      God:
Gold:   152        SH:  0    Dex: 15 (18) Spells: 7/8 levels left

rFire   . . .        Y - +1 sling (freeze)
rCold   . . .        (no shield)
rNeg    . . .        a - +0 ring mail
rPois   .            (helmet restricted)
rElec   .            b - +0 cloak
rCorr   .            g - +0 pair of gloves {Dex+3}
SInv    .            (no boots)
Will    .....        i - amulet of the acrobat
Stlth   +            (no ring)
HPRegen 0.30/turn    (no ring)
MPRegen 0.10/turn

%: acrobat
@: no status effects
A: horns 2, retaliatory headbutt
a: no special abilities


You were on level 4 of the Dungeon.
You visited 1 branch of the dungeon, and saw 4 of its levels.
You also visited: Sewer.

You collected 152 gold pieces.


Innate Abilities, Weirdness & Mutations

You have a pair of horns on your head.
You reflexively headbutt those who attack you in melee.


   Skills:
 - Level 4.5 Fighting
 + Level 7.2 Ranged Weapons
 - Level 2.0 Armour
 - Level 2.1 Dodging
 - Level 1.0 Spellcasting
 - Level 2.0 Hexes


You had 7 spell levels left.
You knew the following spells:

 Your Spells              Type           Power      Damage    Failure   Level
a - Slow                  Hex            16%        N/A       38%         1

Your spell library contained the following spells:

 Spells                   Type           Power      Damage    Failure   Level
 Inner Flame              Hex/Fire       2%         N/A       88%         3
 Portal Projectile        Hex/Tloc       4%         N/A       88%         3
 Cause Fear               Hex            2%         N/A       99%         4

Inventory:

Hand Weapons
 Y - a +1 sling of freezing (weapon)
Armour
 a - a +0 ring mail (worn)
 b - a +0 cloak (worn)
 g - a +0 pair of gloves of dexterity (worn)
Jewellery
 i - an amulet of the acrobat (around neck)
Scrolls
 c - a scroll of vulnerability {unknown}
Potions
 d - a potion of attraction {unknown}
 e - a potion of lignification {unknown}
 h - a potion of invisibility {unknown}
 j - 3 potions of heal wounds
 k - a potion of cancellation {unknown}
 l - a potion of mutation {unknown}

Dungeon Overview and Level Annotations

Branches:
Dungeon (4/15)              Sewer (visited)
 Temple: D:4-7

Altars:
Uskayaw


Message History

You shoot a sling bullet.
The sling bullet hits the gnoll bouda but does no damage.
The gnoll bouda is severely wounded.
The gnoll barely misses you. The gnoll hits you with a +0 flail.
The gnoll bouda calls upon its god to heal the gnoll.
The gnoll is healed somewhat.
The gnoll barely misses you.
You hear a shout!
You shoot a sling bullet.
The sling bullet barely misses the gnoll bouda.
The gnoll hits you with a +0 flail. The gnoll bouda closely misses you.
You furiously retaliate!
You headbutt the gnoll bouda!
You kill the gnoll bouda!
The gnoll completely misses you.
Your Armour skill increases to level 2!
You shoot a sling bullet. The sling bullet hits the gnoll.
The sling bullet freezes the gnoll.
The gnoll is heavily wounded.
The gnoll hits you but does no damage. The gnoll closely misses you.
You shoot a sling bullet.
The sling bullet hits the gnoll but does no damage.
The gnoll is heavily wounded.
The gnoll is no longer moving quickly.
The gnoll hits you from afar with a +0 spear.
The gnoll hits you with a +1 flail of holy wrath!
The gnoll hits you with a +0 flail.
You shoot a sling bullet.
The sling bullet closely misses the gnoll.
The gnoll is no longer moving quickly.
The gnoll hits you but does no damage.
The gnoll hits you with a +1 flail of holy wrath.
The gnoll hits you with a +0 flail.
The gnoll hits you from afar with a +0 halberd.
You shoot a sling bullet. The sling bullet hits the gnoll.
The sling bullet freezes the gnoll.
The gnoll is almost dead.
The gnoll is no longer moving quickly.
The gnoll hits you from afar with a +0 spear.
The gnoll hits you with a +1 flail of holy wrath.
The gnoll hits you with a +0 flail.
The gnoll hits you from afar with a +0 halberd!
You die...

##.......## ...
#....####.# ..
...(##.# #... #..
>.#.. ..#
#####... .#..
#### ##.# .. #.#
##... ... .. #gg#
...########
####g#
#........###..g@#
#.........(..####
#.........####
#........##
#........#
#..%.....#
#........#
#........#
##########


You could see 4 gnolls.

Vanquished Creatures
  An ice beast (D:3)
  Pargi (Sewer)
  2 scorpions (D:4)
  An orc priest (D:2)
  A gnoll bouda (D:4)
  Terence (D:2)
  Natasha (D:1)
  4 gnolls
  A river rat (D:3)
  4 adders
  A worm (D:2)
  3 dart slugs
  3 orcs
  7 bats
  6 endoplasms
  6 giant cockroaches
  6 goblins
  4 hobgoblins
  6 jackals
  6 kobolds
  A quokka (D:3)
  9 ball pythons
  5 frilled lizards
  6 rats
86 creatures vanquished.

Notes
Turn   | Place    | Note
-------+----------+-------------------------------------------
     0 | D:1      | qw the Minotaur Hexslinger began the quest for the Orb.
     0 | D:1      | Reached XP level 1. HP: 16/16 MP: 1/1
     0 | D:1      | 0 ||| qw: Version: 0.3-a-46-gb1f654a
     0 | D:1      | 0 ||| qw: Game counter: 1149
     0 | D:1      | 0 ||| qw: Melee chars always use a shield: true
     0 | D:1      | 0 ||| qw: God list: Okawaru
     0 | D:1      | 0 ||| qw: Allow faded altars: false
     0 | D:1      | 0 ||| qw: Do Orc after clearing Dungeon:15 true
     0 | D:1      | 0 ||| qw: Do second Lair branch before Depths: true
     0 | D:1      | 0 ||| qw: Lair rune preference: random
     0 | D:1      | 0 ||| qw: Goals: Normal
     0 | D:1      | 0 ||| PLANNING D:1-11
   235 | D:1      | Reached skill level 3 in Ranged Weapons
   235 | D:1      | Reached XP level 2. HP: 23/23 MP: 2/2
   551 | D:1      | 551 ||| UPGRADING to +0 pair of gloves of dexterity.
   556 | D:1      | 556 ||| READING scroll labelled NISERYNGUSUN.
   557 | D:1      | 557 ||| DROPPING scroll of poison.
   584 | D:2      | Noticed Natasha
   587 | D:2      | 587 ||| STAIRDANCE
   589 | D:1      | Killed Natasha
   590 | D:1      | Reached skill level 4 in Ranged Weapons
   590 | D:1      | Reached XP level 3. HP: 17/29 MP: 3/3
   643 | D:2      | 643 ||| FLEEEEING.
   644 | D:2      | 644 ||| STAIRDANCE
   652 | D:1      | HP: 7/29 [poisoned by an adder]
   656 | D:1      | HP: 3/29 [poisoned by an adder]
   658 | D:1      | HP: 1/29 [poisoned by an adder]
   889 | D:2      | Reached XP level 4. HP: 32/36 MP: 4/4
  1046 | D:2      | Reached skill level 5 in Ranged Weapons
  1127 | D:2      | Noticed Terence
  1136 | D:2      | Killed Terence
  1137 | D:2      | Reached XP level 5. HP: 31/44 MP: 5/5
  1214 | D:2      | Reached skill level 3 in Fighting
  1271 | D:2      | Found a hide-covered altar of Uskayaw.
  1753 | D:2      | 1753 ||| UPGRADING to +0 ring mail.
  1763 | D:2      | 1763 ||| DROPPING +0 robe.
  1764 | D:2      | 1764 ||| READING 2 scrolls labelled SIZA ZOCWAWUSK.
  1765 | D:2      | 1765 ||| READING scroll labelled DYSEGG UTIO.
  1766 | D:2      | 1766 ||| DROPPING scroll of fog.
  1782 | D:3      | 1782 ||| PLANNING SEWER
  1785 | D:3      | 1785 ||| STAIRDANCE
  1844 | D:3      | Reached skill level 1 in Armour
  1982 | D:3      | Noticed an ice beast
  1994 | D:3      | HP: 4/45 [ice beast (11)]
  1998 | D:3      | Killed an ice beast
  1999 | D:3      | Reached skill level 6 in Ranged Weapons
  1999 | D:3      | Reached XP level 6. HP: 7/51 MP: 6/6
  2286 | D:3      | Found a glowing drain.
  2292 | D:3      | 2292 ||| UPGRADING to +0 cloak.
  2297 | D:3      | 2297 ||| UPGRADING to amulet of the acrobat.
  2302 | D:3      | 2302 ||| READING scroll labelled IHAIF DAHOSM.
  2312 | Sewer    | Entered a sewer
  2346 | Sewer    | Noticed Pargi
  2357 | Sewer    | Killed Pargi
  2421 | Sewer    | 2421 ||| READING scroll labelled AGOVVUIG JAMN.
  2422 | Sewer    | 2422 ||| DRINKING 2 glowing brown potions.
  2423 | Sewer    | 2423 ||| DRINKING 4 sapphire potions.
  2424 | Sewer    | 2424 ||| DROPPING potion of degeneration.
  2441 | D:3      | 2441 ||| PLANNING D:1-11
  2534 | D:3      | 2534 ||| READING scroll labelled ODGHIE VIZABA.
  2722 | D:4      | Reached skill level 7 in Ranged Weapons
  2722 | D:4      | Reached XP level 7. HP: 42/60 MP: 7/7
  2845 | D:4      | 2845 ||| Stepping ~*~*~tactically~*~*~ (outnumbered).
  2866 | D:4      | HP: 15/60 [gnoll/+0 spear[a gnoll bouda] (4)]
  2866 | D:4      | Slain by a gnoll

Levels and vault maps discovered:
D:1:      ldierk_walled_garden_2, layout_loops_cross
D:2:      layout_basic, basic_altar, dreamdust_princess_bridge, uniq_natasha,
          uniq_terence
D:3:      layout_rooms, portal_sewer_entry_b, guppyfry_early_lair_pool
D:4:      layout_rooms, ebering_ghost_sewer_d, hangedman_decor_clover_reticule

Skill      XL: |  1  2  3  4  5  6  7 |
---------------+----------------------+-----
Ranged Weapons | 3 4 5 6 7 |  7.2
Fighting       | 2 3 4 |  4.5
Armour         | 1 2 |  2.0
Dodging        | |  2.1
Spellcasting   | |  1.0
Hexes          | |  2.0

Action                     |  1- 3 |  4- 6 |  7- 9 || total
---------------------------+-------+-------+-------++-------
   Fire: Sling             |    78 |   164 |    19 ||   261
    Use: Scroll            |     1 |     5 |       ||     6
         Potion            |       |     2 |       ||     2
 Armour: Robe              |    10 |     1 |       ||    11
         Ring mail         |       |    25 |     4 ||    29
  Dodge: Dodged            |    21 |    47 |    11 ||    79

Table legend:
 A = Non-vault XP
 B = Vault XP
 C = Vault XP percentage of total XP
 D = Non-vault monster count
 E = Vault monster count
 F = Vault count percentage of total count
                 A         B        C        D         E       F
            +---------+---------+-------+---------+---------+-------
      Total |     593 |     226 |  27.6 |      74 |      12 |  14.0
            +---------+---------+-------+---------+---------+-------
        D:1 |      41 |      35 |  46.1 |      18 |       1 |   5.3
        D:2 |     148 |      36 |  19.6 |      29 |       1 |   3.3
        D:3 |     182 |      19 |   9.5 |      18 |       5 |  21.7
        D:4 |     222 |       0 |   0.0 |       9 |       0 |   0.0
      Sewer |       0 |     136 | 100.0 |       0 |       5 | 100.0
            +---------+---------+-------+---------+---------+-------
